Map: Dusk Towers

Players

MisterTopKek

  • Race: Terran Terran
  • League: Master

MythiC - Winner!

  • Race: Terran Terran
  • League: Grandmaster

VOD

Have the link to the VOD?

Description

Time

  • Played on: April 28, 2016, 4:35 p.m.
  • Length: 20:36
Show
View Real Time Build Order
Export as new Build Order

MisterTopKek Terran 

Build Orders: Reaper Expand, Bio Tank 

Get SALT Encoding   

  12  0:01  SCV  
  13  0:13  SCV  
  14  0:18  Supply Depot  
  14  0:25  SCV  
  15  0:40  SCV  
  15  0:41  Barracks  
  16  0:44  Refinery  
  16  0:52  SCV  
  17  1:04  SCV  
  18  1:16  SCV  
  19  1:29  Orbital Command  
  19  1:30  Reaper  
  20  1:45  Command Center  
  20  1:55  Supply Depot  
  20  1:56  SCV  
  20  2:08  Refinery, SCV, Barracks Reactor  
  21  2:20  SCV  
  21  2:22  Factory  
  22  2:32  SCV  
  23  2:44  SCV  
  23  2:45  Marine x2  
  26  2:56  SCV  
  28  3:03  Orbital Command  
  28  3:05  Marine x2  
  29  3:09  Starport, Factory Tech Lab  
  29  3:10  SCV  
  29  3:21  Supply Depot  
  29  3:22  Marine x2  
  31  3:29  SCV x2  
  31  3:32  Cyclone  
  36  3:40  Marine x2  
  36  3:41  SCV  
  39  3:48  Viking  
  41  3:52  Supply Depot  
  41  3:55  SCV  
  42  3:56  SCV  
  43  4:04  Siege Tank  
  43  4:09  SCV  
  47  4:17  SCV  
  44  4:19  Marine x2  
  41  4:36  Siege Tank  
  44  4:40  SCV x2  
  44  4:41  Engineering Bay  
  46  4:50  Marine x2  
  46  4:52  SCV x2  
  50  4:58  Viking  
  52  5:04  SCV  
  52  5:06  Missile Turret  
  53  5:08  Missile Turret  
  53  5:11  SCV  
  53  5:12  Missile Turret  
  54  5:16  SCV  
  54  5:23  Siege Tank, SCV  
  54  5:28  SCV  
  59  5:35  Barracks Tech Lab, SCV  
  59  5:41  Command Center  
  59  5:42  SCV  
  61  5:45  Supply Depot  
  61  5:54  SCV  
  61  5:55  Terran Infantry Weapons Level 1  
  62  6:07  Viking, SCV  
  62  6:08  Supply Depot, Refinery  
  62  6:09  Refinery  
  62  6:10  Viking  
  67  6:11  Marine  
  67  6:14  SCV  
  67  6:18  Supply Depot  
  69  6:24  SCV  
  70  6:30  Marine, SCV  
  72  6:33  Barracks  
  72  6:34  Barracks, Stimpack  
  72  6:36  SCV  
  73  6:47  SCV  
  74  6:49  Barracks  
  74  6:51  Barracks  
  74  6:52  Starport Reactor, Marine  
  75  6:55  SCV  
  76  7:03  SCV  
  76  7:05  Siege Tank  
  76  7:08  SCV  
  81  7:18  Marine, Missile Turret, SCV  
  81  7:21  Barracks Reactor x2  
  83  7:23  SCV  
  83  7:26  Orbital Command  
  83  7:29  Missile Turret  
  84  7:30  SCV  
  84  7:31  Medivac x2  
  84  7:35  SCV  
  90  7:40  Missile Turret  
  90  7:42  Missile Turret, SCV  
  91  7:47  SCV  
  91  7:49  Terran Infantry Armor Level 1  
  92  7:53  Refinery  
  92  7:54  Missile Turret  
  92  7:56  Refinery, SCV x2  
  92  7:57  Marine x3  
  97  7:59  SCV  
  97  8:00  Barracks Reactor  
  98  8:06  Sensor Tower  
  98  8:09  SCV  
  98  8:12  Factory  
  99  8:19  Supply Depot x2, SCV  
  100  8:21  Marine  
  101  8:29  Supply Depot  
  101  8:30  Supply Depot  
  101  8:37  Combat Shields  
  101  8:40  Marine x5, Siege Tank  
  101  8:41  SCV  
  110  8:48  Engineering Bay  
  110  8:50  Armory  
  110  8:54  Marine x3  
  110  8:55  Marine  
  114  8:58  Marine x4  
  114  9:00  Marine  
  113  9:06  Medivac x2  
  115  9:12  Marine x3  
  115  9:13  Factory Tech Lab, Siege Tank  
  121  9:21  Barracks x2  
  121  9:22  Marine  
  121  9:23  Barracks, Marine x2  
  124  9:25  Supply Depot  
  124  9:26  Supply Depot, Marine  
  124  9:27  Marine x2  
  124  9:30  Marine x3  
  130  9:35  Siege Tank  
  133  9:42  Supply Depot  
  133  9:43  Supply Depot  
  133  9:46  Marine, Medivac x2  
  133  9:51  Marine x6  
  133  9:52  Marine x2  
  145  10:03  Siege Tank  
  145  10:04  Terran Infantry Weapons Level 2, Marine  
  145  10:05  Terran Infantry Armor Level 2  
  145  10:06  Terran Vehicle Weapons Level 1  
  149  10:08  Marine x2  
  149  10:09  Marine x6  
  149  10:11  Marine  
  158  10:15  Siege Tank  
  158  10:16  Marine x2  
  163  10:22  Marine  
  163  10:26  Marine  
  165  10:37  Marine  
  165  10:40  Marine  
  165  10:41  Marine  
  165  10:42  Marine  
  165  10:46  Marine x4, Siege Tank  
  165  10:47  Supply Depot  
  165  10:48  Marine  
  173  10:57  Supply Depot  
  173  11:04  Supply Depot  
  173  11:08  Marine  
  173  11:09  Marine x2, Siege Tank, Missile Turret  
  181  11:15  Barracks Reactor  
  181  11:16  Barracks Reactor  
  181  11:17  Command Center  
  179  11:21  Barracks Reactor  
  178  11:35  Siege Tank  
  178  11:39  Marine x3  
  177  11:53  Marine x4  
  181  12:05  Marine x5  
  181  12:07  Terran Vehicle Weapons Level 2  
  186  12:11  Command Center  
  186  12:22  Terran Infantry Weapons Level 3  
  186  12:23  Terran Infantry Armor Level 3  
  186  12:24  Medivac x2  
  190  12:39  Siege Tank  
  190  12:43  Factory  
  193  12:50  Sensor Tower, Command Center  
  193  12:51  Marine  
  193  12:52  Sensor Tower  
  193  12:54  Medivac x2  
  197  13:08  Planetary Fortress  
  197  13:09  SCV x3  
  198  13:18  Siege Tank x2  
  185  13:29  Medivac  
  187  13:37  Medivac  
  187  13:38  Marine  
  187  13:39  Marine  
  191  13:50  Siege Tank x2  
  197  13:59  Medivac  
  197  14:00  Orbital Command  
  197  14:01  SCV  
  200  14:08  Missile Turret  
  200  14:09  Missile Turret  
  200  14:10  Missile Turret  
  177  14:19  Factory Tech Lab  
  177  14:21  Marine x3, Medivac  
  177  14:22  Siege Tank  
  163  14:25  Marine x3  
  163  14:26  Marine x2  
  163  14:29  Medivac  
  165  14:32  Command Center  
  165  14:40  Starport  
  165  14:44  Starport  
  165  14:47  Siege Tank  
  165  14:49  Siege Tank  
  171  14:53  Planetary Fortress  
  138  15:08  Medivac x2  
  138  15:09  Siege Tank  
  138  15:10  Marine x3  
  138  15:11  Marine  
  138  15:12  Marine  
  147  15:19  Siege Tank  
  141  15:28  Marine x2, Siege Tank  
  140  15:29  Marine x4  
  140  15:33  Marine x2  
  140  15:35  Marine x3  
  149  15:41  Marine x4, Siege Tank  
  156  15:43  Liberator  
  156  15:46  Marine x4  
  157  15:51  Siege Tank  
  157  15:52  Viking x3  
  157  15:55  Marine x3  
  157  15:56  Marine  
  163  16:18  Marine x4  
  162  16:27  Viking x3  
  168  16:33  Siege Tank  
  168  16:40  Liberator  
  168  16:43  Viking, Marine x2  
  168  16:45  Marine x2  
  166  16:57  Viking  
  171  17:03  Siege Tank  
  174  17:08  Viking  
  174  17:13  Viking  
  174  17:14  Siege Tank  
  181  17:21  Siege Tank  
  174  17:27  Viking  
  150  17:40  Viking  
  133  17:46  Viking  
  125  17:59  Command Center  
  125  18:00  Liberator  
  125  18:01  Marine x5, Liberator  
  125  18:02  Marine x2  
  129  18:15  Marine x5  
  134  18:20  Refinery  
  134  18:21  Refinery  
  134  18:22  Marine  
  134  18:29  Marine x3  
  134  18:32  Marine x2  
  130  18:34  Marine  
  130  18:37  Marine  
  132  18:43  Marine  
  132  18:44  Marine x2  
  134  18:49  SCV  
  136  18:55  SCV  
  136  18:57  SCV  
  137  19:04  Siege Tank  
  140  19:12  Viking x2  
  138  19:24  Marine x5  
  129  19:27  SCV x2  
  129  19:28  Siege Tank x2  
  135  19:32  Marine x4  
  135  19:35  Marine  
  135  19:37  Marine x2  
  127  19:45  Marine x2  
  120  19:51  Viking  
  120  19:52  Viking  
  118  19:53  Marine x3  
  118  19:56  Marine x3  
  119  20:01  Viking  
  119  20:04  SCV  
  108  20:22  SCV x3  
  108  20:23  Refinery  
Show
View Real Time Build Order
Export as new Build Order

MythiC Terran - Winner!

Build Orders: 1/1/1, Bio Tank, Banshee Rush 

Get SALT Encoding   

  12  0:00  SCV  
  13  0:13  SCV  
  14  0:17  Supply Depot  
  14  0:25  SCV  
  15  0:30  Refinery  
  15  0:39  SCV  
  16  0:45  Barracks  
  16  0:51  SCV  
  17  1:03  SCV  
  18  1:16  SCV  
  19  1:33  Factory, Marine, Orbital Command  
  19  1:37  Supply Depot  
  19  1:38  Refinery  
  20  1:51  Marine  
  21  2:03  SCV  
  22  2:09  Marine  
  22  2:15  SCV  
  24  2:18  Starport  
  24  2:19  Hellion  
  26  2:24  Supply Depot  
  26  2:27  Marine, SCV  
  28  2:39  Widow Mine, SCV  
  31  2:45  Marine  
  32  2:51  SCV  
  32  2:56  Medivac  
  35  3:03  SCV  
  36  3:11  Supply Depot  
  36  3:16  Marine  
  36  3:18  Factory Tech Lab  
  36  3:19  SCV  
  38  3:29  Command Center  
  38  3:32  SCV  
  39  3:34  Barracks Reactor  
  39  3:44  Cloaking Field, Banshee, SCV  
  39  3:47  Factory Tech Lab  
  43  3:57  Supply Depot  
  43  4:00  Engineering Bay  
  43  4:04  SCV  
  43  4:27  SCV  
  43  4:28  Marine x2  
  44  4:32  Banshee  
  44  4:34  Siege Tank  
  47  4:45  Orbital Command  
  47  4:49  Marine x2  
  47  4:50  SCV  
  48  5:02  SCV  
  49  5:09  Marine x2, Command Center  
  51  5:14  SCV  
  51  5:16  SCV  
  50  5:26  SCV  
  50  5:28  Siege Tank, SCV  
  55  5:35  Refinery  
  55  5:36  Refinery  
  55  5:37  Viking  
  55  5:38  SCV  
  55  5:39  Viking  
  55  5:40  SCV  
  61  5:45  Supply Depot, Marine  
  61  5:48  Stimpack  
  62  5:50  SCV  
  62  5:52  SCV  
  64  6:03  SCV  
  65  6:04  SCV  
  65  6:06  Barracks x2  
  65  6:07  Engineering Bay  
  66  6:13  Viking  
  66  6:15  Viking, SCV  
  71  6:19  SCV  
  72  6:27  Marine, SCV  
  72  6:29  Orbital Command  
  72  6:31  SCV  
  75  6:38  Supply Depot  
  75  6:39  Terran Infantry Weapons Level 1, SCV  
  76  6:40  Supply Depot, Terran Infantry Armor Level 1  
  76  6:45  Medivac  
  78  6:47  Medivac  
  78  6:49  SCV  
  78  6:53  Barracks Reactor  
  82  6:55  Barracks Reactor, Orbital Command  
  82  6:58  SCV  
  80  7:02  SCV  
  80  7:06  Marine  
  80  7:07  Siege Tank  
  85  7:21  Viking x2  
  85  7:22  SCV  
  90  7:24  Marine, SCV x2  
  90  7:26  Barracks  
  90  7:27  Barracks  
  93  7:30  Supply Depot  
  93  7:34  SCV, Sensor Tower  
  93  7:35  Marine  
  93  7:36  Marine x2  
  93  7:37  Marine, Sensor Tower  
  97  7:39  SCV  
  97  7:40  SCV  
  100  7:46  Marine, Siege Tank  
  100  7:47  SCV  
  105  7:52  Medivac  
  105  7:57  Marine x3  
  110  8:00  SCV x3  
  110  8:05  Marine x2  
  114  8:06  Combat Shields  
  114  8:09  Refinery  
  114  8:10  Refinery  
  114  8:12  Supply Depot, SCV x2  
  117  8:13  Supply Depot  
  117  8:15  Barracks Reactor, Armory  
  117  8:19  Barracks Reactor  
  117  8:34  Marine x5, SCV x2  
  118  8:35  Siege Tank, SCV  
  128  8:43  Supply Depot  
  128  8:44  Supply Depot x2  
  128  8:45  Supply Depot  
  128  8:46  SCV x2  
  128  8:47  Liberator, SCV  
  128  8:48  Factory  
  131  8:51  Marine x2  
  131  8:55  Marine x2  
  133  8:57  Marine x2  
  133  9:04  Marine  
  133  9:05  Marine x2, SCV x2, Medivac  
  133  9:09  Marine x2  
  145  9:13  Marine x2  
  147  9:17  Marine x2  
  147  9:18  Siege Tank  
  147  9:21  Terran Infantry Weapons Level 2  
  147  9:22  Marine  
  153  9:27  Terran Infantry Armor Level 2  
  153  9:28  Command Center  
  153  9:29  Marine  
  153  9:30  Marine  
  155  9:33  Marine x2, Factory Tech Lab  
  155  9:35  Marine x2  
  155  9:36  Marine x2  
  161  9:44  Marine  
  162  9:45  Medivac  
  162  9:46  Marine  
  165  9:57  Marine x2  
  165  10:10  Supply Depot, Terran Vehicle Weapons Level 1  
  165  10:11  Supply Depot  
  165  10:12  Supply Depot, Marine x3, Siege Tank, Medivac  
  173  10:16  Barracks  
  173  10:30  Marine x2  
  173  10:31  Marine x5  
  173  10:32  Marine x2, Siege Tank, SCV, Medivac  
  180  10:36  Supply Depot  
  180  10:38  Missile Turret  
  180  10:42  Missile Turret  
  180  10:44  Siege Tank  
  180  10:48  Marine x2, Medivac  
  180  10:49  Marine  
  186  10:58  Command Center  
  186  11:02  Barracks  
  186  11:04  Marine x2, Siege Tank  
  189  11:05  Barracks Reactor  
  191  11:13  Viking  
  193  11:21  Starport, Planetary Fortress  
  193  11:24  Sensor Tower  
  178  11:35  Viking  
  175  11:40  Marine x4  
  175  11:41  Marine x3  
  175  11:43  Viking  
  175  11:44  Marine, Siege Tank x2  
  175  11:45  Marine  
  192  11:54  Marine x3  
  192  11:58  Marine  
  196  12:01  Terran Infantry Armor Level 3  
  196  12:05  Viking  
  198  12:08  Terran Infantry Weapons Level 3  
  195  12:16  Siege Tank  
  195  12:17  Marine x2  
  195  12:18  Marine  
  200  12:45  Terran Vehicle Weapons Level 2  
  200  13:05  Starport Reactor  
  200  13:19  Marine  
  176  13:20  Marine x11  
  176  13:21  Siege Tank x2  
  176  13:22  Medivac x2  
  198  13:37  Marine  
  198  13:38  Marine  
  198  13:39  Sensor Tower  
  200  13:59  Missile Turret  
  200  14:00  Missile Turret  
  200  14:02  Planetary Fortress  
  200  14:06  Refinery  
  200  14:07  Refinery  
  199  14:10  Factory  
  181  14:24  Marine x2  
  181  14:26  Siege Tank  
  181  14:27  Siege Tank  
  181  14:29  Viking x4  
  197  14:33  Marine x2  
  197  14:34  Marine  
  200  14:45  Command Center  
  200  14:47  Refinery, Command Center x2  
  200  14:48  Refinery, Command Center  
  200  14:51  Marine x2  
  200  15:05  Marine x2  
  192  15:08  Marine x3  
  192  15:09  Marine x7  
  192  15:10  Siege Tank x2, Medivac  
  192  15:11  Viking x2, Medivac  
  197  15:18  Sensor Tower  
  197  15:23  Marine x2  
  197  15:25  Marine  
  191  15:30  Marine x2  
  191  15:31  Marine x7  
  187  15:37  Factory Tech Lab  
  187  15:40  Viking  
  187  15:41  Viking, Starport  
  187  15:42  Siege Tank, Terran Vehicle Weapons Level 3  
  194  15:52  Marine x4  
  194  15:53  Marine x2  
  200  16:12  Siege Tank  
  196  16:21  Liberator  
  193  16:27  Orbital Command x2  
  193  16:29  Orbital Command  
  187  16:33  Marine x4  
  187  16:37  Viking x3  
  190  16:41  Siege Tank x2  
  191  16:50  Starport, Liberator  
  191  16:51  Starport  
  191  17:02  Siege Tank  
  191  17:03  Marine x3  
  200  17:12  Sensor Tower  
  200  17:28  Liberator  
  200  17:29  Liberator  
  200  17:42  Marine  
  200  17:43  Marine x2  
  200  17:44  Marine x3, Siege Tank x3  
  179  17:55  Viking x2  
  163  18:16  Siege Tank x2  
  163  18:19  Terran Ship Weapons Level 1  
  166  18:22  Marine x12  
  166  18:23  Siege Tank  
  166  18:25  Viking x2  
  185  18:28  Viking  
  185  18:29  Viking  
  162  18:39  Marine x2  
  162  18:40  Marine x10  
  162  18:48  Siege Tank  
  162  18:55  Viking  
  155  18:57  Marine x2, Siege Tank x2  
  155  18:58  Marine x6, Medivac  
  171  19:08  Marine x3  
  168  19:13  Marine  
  168  19:15  Marine x6  
  168  19:16  Marine  
  170  19:17  Marine  
  170  19:20  Medivac  
  167  19:26  Marine x3  
  162  19:31  Marine  
  162  19:32  Medivac  
  162  19:33  Marine x7  
  164  19:38  Marine  
  164  19:44  Marine x2  
  164  19:45  Marine  
  164  19:46  Siege Tank  
  164  19:49  Marine  
  164  19:51  Marine x2  
  157  19:54  Planetary Fortress  
  157  19:57  Marine x2  
  157  19:58  Viking  
  155  20:00  Marine x3  
  155  20:06  Marine  
  155  20:07  Marine x2  
  159  20:08  Marine x3  
  159  20:12  Marine  
  156  20:15  Marine x2  
  156  20:17  Marine  
  156  20:18  Marine x2  
Tags
 
Add a new tag
Caveats
  • Supply blocks, unpowered buildings, or Contaminate may cause inaccurate times.
  • Supply counts are checked every 10 seconds.